Map: Ruins of Endion

Players

blackxored

  • Race: Zerg Zerg
  • League: Diamond

BrutorLeLent - Winner!

  • Race: Terran Terran
  • League: Platinum

VOD

Have the link to the VOD?

Description

Time

  • Played on: July 1, 2016, 3:48 p.m.
  • Length: 11:29
Show
View Real Time Build Order
Export as new Build Order

blackxored Zerg 

Build Orders: Hatch First, Ravager All-In 

Get SALT Encoding   

  12  0:01  Drone  
  13  0:10  Drone  
  14  0:20  Overlord  
  14  0:25  Extractor  
  14  0:26  Drone  
  15  0:44  Drone x2  
  17  0:53  Hatchery  
  17  0:56  Drone  
  17  1:02  Drone  
  18  1:11  Extractor  
  18  1:17  Spawning Pool  
  18  1:18  Drone  
  17  1:21  Drone  
  18  1:29  Drone  
  19  1:43  Overlord  
  19  1:55  Drone  
  20  2:03  Queen  
  20  2:05  Zergling x4, Queen  
  26  2:13  Roach Warren, Drone  
  26  2:17  Zergling x2  
  27  2:33  Extractor  
  26  2:44  Overlord x2  
  26  2:45  Drone x3  
  29  3:00  Roach x3  
  35  3:11  Roach x3  
  41  3:19  Queen  
  43  3:33  Ravager x2  
  43  3:34  Ravager  
  46  3:39  Drone x4  
  50  3:47  Queen  
  52  3:57  Overlord  
  52  4:17  Roach  
  52  4:18  Roach x3  
  52  4:24  Overlord x2  
  60  4:43  Ravager  
  60  4:44  Ravager x2  
  63  4:46  Drone x5  
  63  4:52  Metabolic Boost  
  68  5:00  Overlord  
  67  5:10  Drone  
  67  5:14  Drone x2  
  70  5:26  Hatchery  
  70  5:27  Drone x6  
  75  5:32  Drone  
  76  5:43  Overlord x2  
  67  6:07  Roach x11  
  78  6:17  Zergling x2  
  73  6:21  Roach  
  73  6:22  Roach  
  74  6:29  Lair  
  74  6:32  Zergling x4  
  76  6:42  Drone x3  
  76  6:43  Queen  
  81  6:49  Evolution Chamber  
  81  6:50  Drone x2, Evolution Chamber  
  81  6:51  Baneling Nest, Drone  
  81  6:53  Drone  
  81  6:54  Extractor  
  81  6:55  Extractor, Drone  
  81  6:56  Drone  
  81  6:58  Overlord  
  82  7:17  Zerg Melee Weapons Level 1, Zerg Ground Armor Level 1  
  82  7:19  Drone  
  82  7:20  Drone x2  
  82  7:21  Drone x3  
  88  7:24  Drone x2  
  90  7:30  Overlord  
  90  7:35  Centrifical Hooks  
  90  7:39  Hatchery  
  89  7:48  Drone x4  
  89  7:49  Drone x5  
  98  7:51  Overlord  
  98  8:03  Extractor, Drone  
  98  8:04  Extractor  
  98  8:05  Drone  
  98  8:10  Spire, Drone  
  98  8:11  Overseer  
  98  8:13  Drone x3  
  98  8:15  Drone x2  
  98  8:16  Drone  
  98  8:17  Drone x2  
  106  8:20  Zergling x2  
  106  8:21  Zergling x6  
  89  8:31  Roach  
  89  8:32  Roach x3  
  91  8:39  Zergling x4  
  85  8:45  Zergling x4  
  85  8:46  Zergling x4  
  71  8:54  Zergling x8  
  69  8:56  Lair  
  69  8:59  Drone  
  69  9:03  Zergling x6  
  69  9:08  Zergling x2  
  66  9:10  Queen  
  66  9:11  Queen  
  66  9:15  Baneling x6  
  66  9:16  Baneling  
  70  9:19  Zergling x4  
  70  9:23  Zergling x2  
  70  9:24  Zergling x4  
  75  9:29  Zergling x4  
  75  9:30  Zergling x4  
  75  9:36  Zergling x6  
  71  9:46  Baneling  
  71  9:47  Baneling x3  
  71  9:49  Hatchery  
  71  9:51  Drone x3  
  73  9:53  Drone  
  74  10:00  Zergling x8  
  74  10:04  Drone  
  74  10:05  Baneling Nest  
  78  10:09  Evolution Chamber  
  78  10:11  Drone  
  78  10:12  Evolution Chamber  
  78  10:15  Drone x3  
  78  10:19  Zergling x8  
  85  10:26  Overlord x2  
  85  10:32  Zergling x8  
  85  10:34  Baneling x2  
  85  10:35  Baneling  
  89  10:36  Baneling  
  89  10:37  Baneling  
  89  10:47  Baneling x6  
  89  10:48  Baneling x4  
  87  10:50  Zergling x6  
  87  10:51  Zergling x2  
  87  10:58  Zergling x10  
  87  11:00  Baneling  
  87  11:01  Baneling x3  
  90  11:07  Zergling x8  
Show
View Real Time Build Order
Export as new Build Order

BrutorLeLent Terran - Winner!

Build Orders:  

Get SALT Encoding   

  12  0:01  SCV  
  13  0:13  SCV  
  14  0:18  Supply Depot  
  14  0:25  SCV  
  15  0:40  SCV  
  16  0:43  Barracks  
  16  0:46  Refinery  
  16  0:52  SCV  
  17  1:00  Barracks  
  17  1:05  SCV  
  18  1:11  Refinery  
  18  1:21  Supply Depot  
  18  1:26  SCV  
  18  1:30  Reaper  
  20  1:47  Reaper  
  20  1:50  Barracks  
  21  2:02  Orbital Command  
  21  2:04  Reaper  
  22  2:19  Reaper  
  23  2:37  SCV  
  23  2:42  Reaper  
  25  2:45  Supply Depot  
  25  2:53  Barracks Tech Lab  
  25  2:54  Reaper  
  26  3:09  SCV  
  27  3:13  Stimpack  
  27  3:16  Command Center  
  27  3:21  SCV  
  27  3:34  Marine, Marauder  
  28  3:41  Bunker, SCV  
  28  3:47  Marine  
  30  3:53  SCV  
  30  3:55  Marauder  
  33  3:59  Factory  
  33  4:06  SCV  
  34  4:10  Barracks Reactor  
  34  4:17  Marauder  
  36  4:18  SCV  
  36  4:20  Barracks Reactor  
  37  4:30  SCV  
  38  4:32  Orbital Command  
  38  4:38  Marauder  
  40  4:42  SCV  
  40  4:45  Starport, Factory Reactor  
  41  4:47  Marine  
  42  4:54  SCV  
  42  4:55  Supply Depot  
  42  4:59  Marine, Refinery  
  44  5:06  Marine, SCV x2  
  44  5:07  Marine  
  47  5:08  Marine  
  49  5:18  SCV x2  
  51  5:30  SCV  
  51  5:32  SCV  
  51  5:33  Marine x2  
  51  5:34  Marauder  
  57  5:36  Factory Tech Lab  
  57  5:39  Barracks  
  57  5:42  SCV  
  58  5:44  Medivac x2  
  58  5:46  Barracks  
  62  5:51  Supply Depot  
  62  5:54  SCV  
  55  6:11  Marine  
  55  6:12  Marine, Marauder  
  59  6:20  SCV  
  59  6:24  Marine  
  61  6:33  Command Center  
  61  6:34  Siege Tank, Marauder  
  61  6:35  SCV  
  67  6:41  Supply Depot  
  67  6:42  Supply Depot  
  67  6:45  Barracks Reactor x2  
  67  6:47  Medivac  
  69  6:54  SCV  
  69  6:55  Supply Depot  
  69  6:59  Refinery  
  70  7:02  Marine, Medivac  
  70  7:03  SCV  
  70  7:06  SCV  
  70  7:07  Siege Tank  
  78  7:15  SCV  
  79  7:16  Marine, Marauder  
  79  7:18  SCV  
  83  7:26  Engineering Bay  
  83  7:27  Engineering Bay, SCV  
  84  7:30  Medivac  
  84  7:31  SCV  
  84  7:32  Marine, Medivac  
  84  7:33  Marine  
  91  7:39  SCV  
  92  7:55  Marine  
  92  7:56  Marauder  
  92  7:58  Orbital Command  
  98  7:59  SCV x2  
  98  8:00  Marine  
  98  8:02  Medivac x2  
  102  8:06  Terran Infantry Weapons Level 1  
  102  8:07  Terran Infantry Armor Level 1  
  102  8:10  Refinery  
  102  8:11  SCV  
  103  8:12  Refinery  
  103  8:17  Marauder  
  104  8:28  Marine  
  105  8:39  Marine, Marauder  
  104  8:47  Marine x2  
  102  8:48  Medivac x2  
  102  8:49  Marine x3  
  102  8:54  Marine x2  
  102  8:55  Supply Depot x2, Siege Tank  
  114  8:57  Armory  
  114  8:59  SCV  
  114  9:00  Marauder  
  114  9:02  SCV  
  118  9:05  Marine  
  119  9:22  Marauder  
  119  9:24  SCV  
  104  9:40  Marine  
  104  9:41  Marine x3  
  104  9:43  Marauder  
  110  9:50  SCV x2  
  112  9:53  Marine  
  112  9:55  Marine x2  
  112  9:56  Medivac, Siege Tank  
  112  9:57  Medivac  
  122  10:01  Supply Depot  
  122  10:04  Marauder  
  124  10:08  Supply Depot  
  124  10:13  Supply Depot  
  124  10:14  Command Center  
  124  10:23  Factory  
  124  10:26  Marine, Marauder  
  124  10:28  Siege Tank  
  130  10:29  Marine  
  130  10:30  Marine x5  
  136  10:44  Marine  
  136  10:45  Medivac  
  136  10:47  Marauder  
  143  11:11  Marine x2  
  137  11:13  Factory Reactor  
Tags
 
Add a new tag
Caveats
  • Supply blocks, unpowered buildings, or Contaminate may cause inaccurate times.
  • Supply counts are checked every 10 seconds.